 Dungeon Crawl Stone Soup version 0.16-a0-296-gbdb9f68 (webtiles) character file.

67 Charly the Firebug (level 4, -1/33 HPs)
             Began as a Draconian Fire Elementalist on Aug 29, 2014.
             Slain by a worker ant (5 damage)
             ... on Level 3 of the Dungeon.
             The game lasted 00:14:45 (1032 turns).

Charly the Firebug (Draconian Fire Elementalist)    Turns: 1032, Time: 00:14:46

HP  -1/33        AC  5     Str 10      XL: 4   Next:  0%
MP   0/7         EV 12     Int 16      God:
Gold 97          SH  0     Dex 12      Spells:  2 memorised,  3 levels left

rFire  + . .     SeeInvis .     (no weapon)
rCold  . . .     Clarity  .     (armour unavailable)
rNeg   . . .     rCorr    .     (no shield)
rPois  .         rRot     .     (helmet restricted)
rElec  .         Spirit   .     (no cloak)
SustAb .         Warding  .     (no gloves)
rMut   .         Stasis   .     (no boots)
Gourm  .                        (no amulet)
MR     .....                    (no ring)
                                m - ring of protection from fire

@: lethally poisoned, not resistant to hostile enchantments, unstealthy
A: unfitting armour, cold-blooded, AC +5
a: no special abilities


You were on level 3 of the Dungeon.
You were not hungry.

You visited 1 branch of the dungeon, and saw 3 of its levels.

You collected 97 gold pieces.

Inventory:

Comestibles
 c - 3 bread rations
 h - a beef jerky
Scrolls
 e - a scroll of noise {unknown}
 i - a scroll of remove curse {unknown}
 j - 4 scrolls of fog {unknown}
 k - a scroll of blinking {unknown}
 l - a scroll of enchant weapon {unknown}
Jewellery
 m - a ring of protection from fire (left hand)
Potions
 a - a potion of flight
 d - 2 potions of restore abilities
 f - a potion of agility {unknown}
 g - a potion of heal wounds {unknown}
Books
 b - a book of Flames

   Spells                             Type                      Level
   *Flame Tongue                      Conjuration/Fire             1
   Throw Flame                        Conjuration/Fire             2
   *Conjure Flame                     Conjuration/Fire             3
   Inner Flame                        Hexes/Fire                   3
   Sticky Flame                       Conjuration/Fire             4
   Fireball                           Conjuration/Fire             5


   Skills:
 - Level 1.7 Dodging
 - Level 1.7 Stealth
 - Level 2.0 Spellcasting
 + Level 2.8 Conjurations
 + Level 4.0 Fire Magic


You had 3 spell levels left.
You knew the following spells:

 Your Spells              Type           Power        Failure   Level  Hunger
c - Conjure Flame         Conj/Fire      ##......     17%         3    ####...
f - Flame Tongue          Conj/Fire      ##...        8%          1    #......


Dungeon Overview and Level Annotations

Branches:
Dungeon (3/15)

Altars:


Innate Abilities, Weirdness & Mutations

Your plain brown scales are hard (AC +5).
Your body does not fit into most forms of armour.
Your cold-blooded metabolism reacts poorly to cold.


Message History

Casting: Flame Tongue
Confirm with . or Enter, or press ? or * to list all spells.
Aiming: Flame Tongue
Press: ? - help, Shift-Dir - straight line, f/p - worker ant
Aim: a worker ant (severely wounded)
The flame tongue hits the worker ant.
The worker ant is almost dead.
* * * LOW HITPOINT WARNING * * *
You feel sick. The worker ant barely misses you.
Casting: Flame Tongue
Confirm with . or Enter, or press ? or * to list all spells.
Aiming: Flame Tongue
Press: ? - help, Shift-Dir - straight line, f/p - worker ant
Aim: a worker ant (almost dead)
The flame tongue hits the worker ant.
The worker ant appears unharmed.
The worker ant is almost dead.
The worker ant barely misses you.
* * * LOW HITPOINT WARNING * * *
You feel sick. The worker ant bites you.
You die...

###..........#..#.#
...............#.#
###...............#
.......%......#...#
###...........#...##
#...........##....
#...........##.######.
.......................#
##############@.######
........a># ##......###
#...... #...... #......
...... ..... ####


You could see a worker ant.

Vanquished Creatures
  A gnoll (D:1)
  3 adders
  A worm (D:3)
  4 orcs (D:3)
  2 giant cockroaches (D:1)
  4 goblins
  3 hobgoblins (D:3)
  2 kobolds
  A giant gecko (D:2)
  2 giant newts (D:3)
  2 rats
25 creatures vanquished.

Notes
Turn   | Place    | Note
--------------------------------------------------------------
     0 | D:1      | Charly, the Draconian Fire Elementalist, began the quest for the Orb.
     0 | D:1      | Reached XP level 1. HP: 14/14 MP: 3/3
   325 | D:1      | Reached XP level 2. HP: 14/20 MP: 0/4
   402 | D:2      | Reached XP level 3. HP: 15/26 MP: 0/6
   436 | D:2      | Learned a level 3 spell: Conjure Flame
   991 | D:3      | Reached skill level 4 in Fire Magic
  1016 | D:3      | Reached XP level 4. HP: 10/33 MP: 4/7
  1032 | D:3      | Slain by a worker ant

Action                   |  1- 3 |  4- 6 || total
-------------------------+-------+-------++-------
Melee: Unarmed           |    59 |       ||    59
 Cast: Flame Tongue      |    62 |     6 ||    68
       Conjure Flame     |     1 |       ||     1
  Use: Scroll            |     2 |       ||     2
  Eat: Chunk             |     2 |       ||     2
